 Dungeon Crawl Stone Soup version 0.19.1 (console) character file.

16715 nht the Severer (level 12, 0/115 HPs)
             Began as a Minotaur Chaos Knight on Nov 27, 2016.
             Slain by an eight-headed hydra (4 damage)
             ... on level 3 of the Lair of Beasts on Nov 28, 2016.
             The game lasted 00:20:01 (9098 turns).

nht the Severer (Minotaur Chaos Knight)             Turns: 9098, Time: 00:20:01

Health: 0/115      AC: 20    Str: 21    XL:     12   Next: 12%
Magic:  12/12      EV: 10    Int: 13    God:    Xom [.....*]
Gold:   1074       SH:  0    Dex: 11    Spells: 0 memorised, 11 levels left

rFire  . . .     SeeInvis .     b - +5 war axe "Arufab" {vamp, Str+2 Int+4}
rCold  + . .     Gourm    .     v - +2 chain mail {rC+}
rNeg   . . .     Faith    .     (no shield)
rPois  +         Spirit   .     (helmet unavailable)
rElec  .         Reflect  .     N - +0 cloak
rCorr  .         Harm     .     (no gloves)
MR     .....     Clarity  +     (no boots)
Stlth  .......... Rnd*Tele +    (no amulet)
                                t - +6 ring of slaying
                                m - ring of poison resistance

@: no status effects
A: retaliatory headbutt, fangs 1, hooves 2, horns 3, icy blue scales 1, molten
scales 1, rugged brown scales 1, blurry vision 1, clarity, high mp 1, sense
surroundings 1, teleportitis 1, weak 1
a: Renounce Religion


You were on level 3 of the Lair of Beasts.
You worshipped Xom.
You were Xom's teddy bear.
You were not hungry.

You visited 2 branches of the dungeon, and saw 12 of its levels.
You also visited: Ossuary.

You collected 1098 gold pieces.
You spent 24 gold pieces at shops.

Inventory:

Hand Weapons
 b - the +5 war axe "Arufab" (weapon) {vamp, Str+2 Int+4}
   (You found it on level 7 of the Dungeon)

   It inflicts no extra harm, but heals its wielder when it wounds a living foe.
   It affects your strength (+2).
   It affects your intelligence (+4).
Armour
 v - a +2 chain mail of cold resistance (worn)
 N - a +0 cloak (worn)
Jewellery
 m - a ring of poison resistance (left hand)
 t - a +6 ring of slaying (right hand)
Wands
 a - a wand of flame (7/48)
 e - a wand of slowing (32/48)
 f - a wand of random effects (4/48)
 k - a wand of polymorph (10/24)
 l - a wand of paralysis (5/24)
 x - a wand of confusion (24/48)
 A - a wand of flame (14/48)
 B - a wand of teleportation (4/9)
 D - a wand of iceblast (4/15)
 E - a wand of lightning (4/15)
 H - a wand of slowing (19/48)
 I - a wand of iceblast (0/15)
 L - a wand of disintegration (11/24)
 O - a wand of lightning (0/15)
Scrolls
 d - 5 scrolls of teleportation
 i - a scroll of fear
 p - 3 scrolls of amnesia
 q - 4 scrolls of identify
 w - 2 scrolls of remove curse
 y - a scroll of magic mapping
Potions
 g - 4 potions of curing
 h - a potion of agility
 n - 4 potions of heal wounds
 z - a potion of cancellation
 C - a potion of resistance
 F - a potion of brilliance
 K - 2 potions of haste
Comestibles
 c - 6 bread rations
 j - 8 meat rations
 o - 16 fruits
 r - 25 chunks of flesh
 s - 2 beef jerkies
 G - a royal jelly
 J - a slice of pizza


   Skills:
 + Level 12.1 Fighting
 - Level 16.0 Axes
 + Level 11.7 Armour
 + Level 4.0 Dodging


You had 11 spell levels left.
You didn't know any spells.

Dungeon Overview and Level Annotations

Branches:
Dungeon (9/15)             Temple (0/1) D:7            Lair (3/6) D:9
  Swamp (0/4) Lair:3
  Snake: Lair:2-4    Spider: Lair:2-4       Orc: D:9-12

Altars:
Dithmenos
Elyvilon
Fedhas
Gozag
Hepliaklqana
Okawaru
Ru
Sif Muna
Xom
Yredelemnul
Zin
The Shining One

Shops:
D:5 *   D:6 }


Innate Abilities, Weirdness & Mutations

You reflexively headbutt those who attack you in melee.
You have a pair of large horns on your head.
You have very sharp teeth.
You have hoof-like feet.
You are partially covered in icy blue scales. (AC +2)
You are partially covered in molten scales. (AC +2)
You are partially covered in rugged brown scales. (AC +1, +3% HP)
Scrolls take you a little longer to read.
You possess an exceptional clarity of mind.
You have an increased reservoir of magic. (+10% MP)
You passively map a small area around you.
You are occasionally teleported next to monsters.
You are weak. (Str -2)


Message History

Evoke which item? (* to show all) (? for menu, Esc to quit)
Zapping:
O - a wand of lightning {zapped: 7} (will waste charges)
Press: ? - help, Shift-Dir - straight line Nothing appears to happen.
The eight-headed hydra bites you!
* * * LOW HITPOINT WARNING * * *
The eight-headed hydra bites you!
* * * LOW HITPOINT WARNING * * *
The eight-headed hydra bites you but does no damage. x2
The eight-headed hydra closely misses you.
The eight-headed hydra bites you but does no damage.
The eight-headed hydra bites you!
* * * LOW HITPOINT WARNING * * *
The eight-headed hydra bites you but does no damage.
Really read with blurry vision while enemies are nearby?
Xom momentarily opens a gate.
The eight-headed hydra bites you.
* * * LOW HITPOINT WARNING * * *
The eight-headed hydra bites you.
You die... "Boring in life, boring in death..."

* .........██ *█....
, *
......█...██...P..█
, * *
███..██...P.....██.█
* ██... ,██.<.....█
*
██......Y†█†.█..█.█,
,
█..█..██.Y██.█.....
..█..35██5██.█ .█..
......45D5.█..,,. ,
** .....5.@█. *.█. *
* ....⌠.43██ .██.⌠
.█...5.55█..█.... ,
*, .....>...█..+.. ⌠
.█.......█..... ,
..█..⌠.⌠.██..█
█...........███** **
, █...........█.██ *
█......█..██..█


You could see an eight-headed hydra, a yak, a friendly sixfirhy, a friendly
ynoxinul, 2 friendly chaos spawn, a friendly iron imp, 2 friendly quasits, a
friendly white imp, 2 friendly shadow imps and 2 friendly ufetubi.

Vanquished Creatures
  A hydra (Lair:2)
  Erica (D:8)
  A harpy (Lair:1)
  An oklob plant (Lair:1)
  Joseph (D:8)
  The ghost of sveltemanboy the Basher, a novice OgGl (Ossuary)
  5 spiny frogs
  A komodo dragon (Lair:1)
  A troll (D:9)
  Prince Ribbit (D:5)
  2 two-headed ogres (D:8)
  5 hippogriffs
  7 blink frogs
  9 yaks
  A wyvern (D:9)
  2 basilisks
  Menkaure (D:5)
  Eustachio (D:4)
  Edmund (D:5)
  4 water moccasins
  5 porcupines
  3 sky beasts
  4 orc warriors
  2 ice beasts
  A necrophage (D:7)
  6 centaurs
  9 wolves
  2 ogres (D:5)
  A crocodile (Lair:1)
  3 big kobolds (D:5)
  10 bullfrogs
  A water moccasin skeleton (D:5)
  4 scorpions
  12 killer bees
  A howler monkey (D:5)
  8 electric eels
  2 crimson imps
  5 hounds
  5 orc priests
  3 jellies
  11 orc wizards
  2 bullfrog skeletons
  4 iguanas
  Terence (D:2)
  2 worker ants (D:4)
  A big kobold zombie (Ossuary)
  A hound zombie (D:9)
  A hound skeleton (D:8)
  4 mummies (Ossuary)
  17 gnolls
  A river rat (shapeshifter) (D:5)
  13 adders
  A shadow imp (D:8)
  An adder zombie (D:8)
  4 worms
  3 dart slugs
  3 leopard geckos
  28 orcs
  4 giant cockroaches
  A gnoll zombie (Ossuary)
  31 goblins
  25 hobgoblins
  4 jackals
  2 quokkas
  A ball python skeleton (D:5)
  10 bats
  5 frilled lizards
  A hobgoblin zombie (Ossuary)
  10 kobolds
  2 kobold zombies (Ossuary)
  2 orc zombies (Ossuary)
  A quokka skeleton (D:9)
  5 rats
  A plant (Lair:1)
337 creatures vanquished.

Vanquished Creatures (collateral kills)
  4 mummies (Ossuary)
  A gnoll zombie (Ossuary)
5 creatures vanquished.

Vanquished Creatures (others)
  Pikel (D:8)
  A slave (D:8)
  A hound (D:5)
  A goblin (D:5)
  A plant (Lair:2)
5 creatures vanquished.

Grand Total: 347 creatures vanquished

Notes
Turn   | Place    | Note
-------+----------+-------------------------------------------
     0 | D:1      | nht the Minotaur Chaos Knight began the quest for the Orb.
     0 | D:1      | Reached XP level 1. HP: 19/19 MP: 0/0
    58 | D:1      | Reached skill level 4 in Axes
   201 | D:1      | Reached XP level 2. HP: 15/26 MP: 1/1
   298 | D:1      | XOM: harmless Conj miscast
   431 | D:1      | XOM: harmless Fire miscast
   439 | D:1      | XOM: divination: detect creatures
   671 | D:1      | Reached skill level 5 in Axes
   716 | D:1      | Found a shimmering altar of Xom.
   718 | D:1      | Found a bloodstained altar of Trog.
   718 | D:1      | Found an iron altar of Okawaru.
   721 | D:1      | Found an opulent altar of Gozag.
   721 | D:1      | Found a basalt altar of Yredelemnul.
   721 | D:1      | Found a hazy altar of Hepliaklqana.
   834 | D:2      | Reached XP level 3. HP: 31/31 MP: 2/2
   909 | D:2      | Noticed Terence
   916 | D:2      | Killed Terence
   916 | D:2      | Reached skill level 6 in Axes
   916 | D:2      | Reached XP level 4. HP: 39/39 MP: 3/3
   972 | D:2      | Found a blossoming altar of Fedhas.
  1518 | D:3      | XOM: harmless Conj miscast
  1567 | D:3      | Reached skill level 7 in Axes
  1567 | D:3      | Reached XP level 5. HP: 22/45 MP: 4/4
  1605 | D:3      | XOM: divination: detect creatures
  1686 | D:3      | Found a faded altar of an unknown god.
  1686 | D:3      | Found a glowing golden altar of the Shining One.
  1693 | D:3      | Found a deep blue altar of Sif Muna.
  1695 | D:3      | Found a glowing silver altar of Zin.
  1697 | D:3      | Found a faded altar of an unknown god.
  1773 | D:3      | XOM: smoke on damage
  1799 | D:3      | XOM: divination: magic mapping
  1945 | D:4      | Noticed Sigmund
  1975 | D:4      | Noticed Sigmund
  1975 | D:4      | Sigmund changed into Sigmund the gnoll
  1977 | D:4      | Noticed Sigmund
  1977 | D:4      | Sigmund the gnoll changed into Sigmund the goblin
  1987 | D:4      | Killed Sigmund the goblin
  2139 | D:4      | Reached skill level 8 in Axes
  2227 | D:4      | Noticed Eustachio
  2234 | D:4      | Killed Eustachio
  2234 | D:4      | Reached XP level 6. HP: 51/51 MP: 5/5
  2270 | D:4      | XOM: harmless Chrm miscast
  2273 | D:4      | Reached skill level 9 in Axes
  2405 | D:5      | Entered Level 5 of the Dungeon
  2437 | D:5      | XOM: cast spell 'Olgreb's Toxic Radiance'
  2439 | D:5      | Reached XP level 7. HP: 38/57 MP: 6/6
  2643 | D:5      | Found a white marble altar of Elyvilon.
  2645 | D:5      | Noticed Menkaure
  2648 | D:5      | Killed Menkaure
  2648 | D:5      | Reached skill level 10 in Axes
  2856 | D:5      | Reached skill level 11 in Axes
  2864 | D:5      | XOM: noise
  2870 | D:5      | XOM: scenery: 3 doors close
  2876 | D:5      | Reached XP level 8. HP: 56/64 MP: 7/7
  3093 | D:5      | Reached skill level 12 in Axes
  3112 | D:5      | Noticed Prince Ribbit
  3117 | D:5      | Killed Prince Ribbit
  3228 | D:5      | Found Kusmu's General Store.
  3231 | D:5      | Bought a scroll of identify for 24 gold pieces
  3254 | D:5      | XOM: noise
  3259 | D:5      | XOM: scenery: 1 doors open, 1 doors close
  3260 | D:5      | Reached skill level 13 in Axes
  3262 | D:5      | XOM: summons 2 friendly demons
  3453 | D:5      | Noticed Edmund
  3465 | D:5      | XOM: polymorph hobgoblin -> quokka
  3473 | D:5      | Killed Edmund
  3573 | D:5      | XOM: give mutations
  3573 | D:5      | Gained mutation: You have a pair of large horns on your head. [Xom's grace]
  3573 | D:5      | Gained mutation: You are partially covered in icy blue scales. (AC +2) [Xom's grace]
  3573 | D:5      | Gained mutation: You have very sharp teeth. [Xom's grace]
  3573 | D:5      | Gained mutation: You possess an exceptional clarity of mind. [Xom's grace]
  3613 | D:5      | XOM: scenery: create altars
  3693 | D:5      | XOM: god gift: bread ration
  3705 | D:6      | Found Wehunkoe's Gadget Shoppe.
  3750 | D:6      | XOM: god gift: smoky coppery potion {god gift}
  3788 | D:6      | XOM: god gift: weird smoking staff {god gift}
  3902 | D:6      | XOM: cleaving
  3913 | D:6      | Reached XP level 9. HP: 48/70 MP: 8/8
  4111 | D:6      | Reached skill level 14 in Axes
  4114 | D:6      | XOM: scenery: create altars
  4151 | D:6      | XOM: divination: detect creatures
  4269 | D:6      | XOM: cast spell 'Ice Form'
  4288 | D:6      | Found a blossoming altar of Fedhas.
  4301 | D:6      | Found a sand-covered staircase.
  4375 | Ossuary  | Entered an ossuary
  4375 | Ossuary  | Noticed sveltemanboy's ghost (novice OgGl)
  4384 | Ossuary  | Killed sveltemanboy's ghost
  4393 | Ossuary  | XOM: divination: detect creatures
  4394 | Ossuary  | XOM: summons 7 friendly demons
  4498 | Ossuary  | XOM: harmless Tloc miscast
  4876 | D:7      | Reached skill level 15 in Axes
  4893 | D:7      | Got a warped war axe
  4898 | D:7      | Identified the +5 war axe "Arufab" {vamp, Str+2 Int+4} (You found it on level 7 of the Dungeon)
  4967 | D:7      | Found a staircase to the Ecumenical Temple.
  4967 | D:7      | XOM: potion effect (curing)
  4968 | D:7      | XOM: cleaving
  4974 | D:7      | Reached skill level 16 in Axes
  5048 | D:7      | XOM: harmless Divn miscast
  5264 | D:7      | Found a shadowy altar of Dithmenos.
  5274 | D:7      | XOM: potion effect (curing)
  5430 | D:7      | Reached XP level 10. HP: 80/80 MP: 9/9
  5623 | D:8      | Reached skill level 5 in Fighting
  5709 | D:8      | Gained mutation: You are weak. (Str -2) [potion of mutation]
  5709 | D:8      | Gained mutation: You are occasionally teleported next to monsters. [potion of mutation]
  5710 | D:8      | XOM: summons friendly quasit
  5720 | D:8      | Noticed Erica
  5728 | D:8      | Killed Erica
  5728 | D:8      | Reached skill level 5 in Armour
  5852 | D:8      | XOM: enchant monster (bad)
  5860 | D:8      | XOM: polymorph leopard gecko -> iguana
  5910 | D:8      | Noticed Joseph
  5913 | D:8      | XOM: give mutations
  5913 | D:8      | Gained mutation: You have an increased reservoir of magic. (+10% MP) [Xom's grace]
  5913 | D:8      | Gained mutation: You have large cloven feet. [Xom's grace]
  5913 | D:8      | Gained mutation: You passively map a small area around you. [Xom's grace]
  5919 | D:8      | Killed Joseph
  6123 | D:8      | XOM: cast spell 'Necromutation'
  6169 | D:8      | XOM: cleaving
  6205 | D:8      | Noticed Pikel
  6210 | D:8      | Killed Pikel
  6210 | D:8      | XOM: divine lightning (protected)
  6361 | D:8      | XOM: give mutation
  6361 | D:8      | Gained mutation: Scrolls take you a little longer to read. [Xom's mischief]
  6369 | D:8      | XOM: silly message
  6500 | D:9      | XOM: mild Ice miscast
  6589 | D:9      | XOM: harmless Summ miscast
  6597 | D:9      | Reached XP level 11. HP: 94/97 MP: 11/11
  6605 | D:9      | Found a staircase to the Lair.
  7047 | Lair:1   | Entered Level 1 of the Lair of Beasts
  7047 | Lair:1   | Found a sacrificial altar of Ru.
  7047 | Lair:1   | Noticed an oklob plant
  7055 | Lair:1   | XOM: medium Tloc miscast
  7072 | Lair:1   | Noticed a harpy
  7072 | Lair:1   | a blink frog changed into a harpy
  7072 | Lair:1   | XOM: polymorph blink frog -> harpy
  7077 | Lair:1   | Killed a harpy
  7082 | Lair:1   | Killed an oklob plant
  7082 | Lair:1   | Reached skill level 10 in Fighting
  7119 | Lair:1   | XOM: 1-stop teleportation journey
  7153 | Lair:1   | XOM: silly message
  7201 | Lair:1   | Found a glowing golden altar of the Shining One.
  7216 | Lair:1   | XOM: confuse monster(s)
  7234 | Lair:1   | Reached skill level 10 in Armour
  7620 | Lair:2   | Noticed an eight-headed hydra
  7629 | Lair:2   | Killed an eight-headed hydra
  7749 | Lair:2   | XOM: 3-stop teleportation journey
  7802 | Lair:2   | XOM: 5-stop teleportation journey
  7829 | Lair:2   | XOM: destruction
  7838 | Lair:2   | XOM: 2-stop teleportation journey
  7844 | Lair:2   | XOM: give mutation
  7844 | Lair:2   | Gained mutation: You are partially covered in molten scales. (AC +2) [Xom's grace]
  8472 | Lair:3   | Found a staircase to the Swamp.
  8473 | Lair:3   | wtf
  8475 | Lair:3   | XOM: polymorph electric eel -> jelly
  8552 | Lair:3   | XOM: scenery: create altars
  8701 | Lair:3   | Noticed an eight-headed hydra
  8706 | Lair:2   | XOM: enchant monster (good)
  8832 | Lair:1   | XOM: scenery: create altars
  8837 | Lair:1   | XOM: give mutations
  8837 | Lair:1   | Gained mutation: You are partially covered in rugged brown scales. (AC +1, +3% HP) [Xom's grace]
  8837 | Lair:1   | Gained mutation: You have hoof-like feet. [Xom's grace]
  8943 | Lair:2   | Reached XP level 12. HP: 101/115 MP: 12/12
  8944 | Lair:2   | XOM: god gift: spear {god gift}
  9016 | Lair:3   | XOM: scenery: create altars
  9097 | Lair:3   | HP: 5/115 [eight-headed hydra (10)]
  9098 | Lair:3   | XOM: summons 12 friendly demons
  9098 | Lair:3   | Slain by an eight-headed hydra

Skill      XL: |  1  2  3  4  5  6  7  8  9 10 11 12 |
---------------+-------------------------------------+-----
Axes           | 4 5 6 7 8 9 11 13 16 | 16.0
Fighting       | 4 9 11 12 | 12.1
Armour         | 3 8 11 | 11.7
Dodging        | 2 4 |  4.0

Action                   |  1- 3 |  4- 6 |  7- 9 | 10-12 || total
-------------------------+-------+-------+-------+-------++-------
Melee: Hand axe          |    57 |    97 |   215 |       ||   369
       Headbutt          |     7 |    13 |    30 |    43 ||    93
       Bite              |       |       |     8 |    23 ||    31
       War axe           |       |       |    33 |   256 ||   289
       Unarmed           |       |       |    17 |       ||    17
       Kick              |       |       |       |    65 ||    65
Evoke: Wand              |       |     3 |    11 |    33 ||    47
  Use: Scroll            |       |     7 |     8 |     8 ||    23
       Potion            |       |     6 |     8 |     6 ||    20
 Stab: Confused          |     1 |       |     1 |       ||     2
       Petrifying        |       |     1 |       |       ||     1
       Paralysed         |       |     1 |       |       ||     1
  Eat: Chunk             |       |     5 |     8 |    11 ||    24
       Meat ration       |       |       |     1 |       ||     1
       Beef jerky        |       |       |     1 |       ||     1
Armor: Leather armour    |    18 |    36 |    20 |       ||    74
       Skin              |       |    21 |    24 |       ||    45
       Chain mail        |       |       |    51 |   150 ||   201
Dodge: Dodged            |    41 |    44 |    93 |    76 ||   254
